Map: Winter's Gate LE

Players

Xeo

  • Race: Terran Terran
  • League: Platinum
  • Spawn Location: 5:00

pHARM - Winner!

  • Race: Zerg Zerg
  • League: Platinum
  • Spawn Location: 11:00

VOD

Have the link to the VOD?

Description

Time

  • Played on: Sept. 14, 2019, 12:53 a.m.
  • Length: 11:57
Show
View Real Time Build Order
Export as new Build Order

Xeo Terran 

Build Orders:  

Get SALT Encoding   

  12  0:02  SCV  
  13  0:14  SCV  
  14  0:25  Supply Depot  
  14  0:27  SCV  
  15  0:47  SCV  
  15  0:49  Barracks  
  16  0:59  SCV  
  17  1:11  SCV  
  17  1:14  Refinery  
  17  1:15  Refinery  
  18  1:26  SCV  
  19  1:38  SCV  
  20  1:43  Supply Depot  
  20  1:54  SCV  
  21  2:05  Factory  
  21  2:06  SCV  
  22  2:17  Barracks Tech Lab  
  22  2:18  SCV  
  23  2:30  SCV  
  24  2:40  Marine  
  24  2:43  Orbital Command  
  25  2:52  Starport  
  25  3:10  Factory Tech Lab  
  25  3:16  Marine  
  26  3:29  Supply Depot  
  26  3:30  Starport Tech Lab  
  26  3:38  SCV  
  26  3:39  Marine  
  26  3:40  Fusion Core  
  28  3:41  Siege Tank  
  31  3:52  Supply Depot  
  31  3:57  Marine  
  32  4:28  Battlecruiser  
  38  4:36  Command Center  
  38  5:05  Command Center  
  38  5:13  Starport  
  38  5:15  Weapon Refit  
  38  6:06  Battlecruiser  
  38  6:07  Starport Tech Lab  
  44  6:33  Orbital Command  
  44  6:59  Orbital Command  
  44  7:04  Battlecruiser  
  50  7:32  Orbital Command  
  50  8:37  Battlecruiser  
  56  8:45  SCV x3  
  59  8:57  SCV x3  
  62  9:09  SCV x3  
  65  9:15  Refinery x2  
  65  9:21  SCV x3  
  68  9:25  Battlecruiser  
  74  9:33  SCV  
  75  9:46  SCV  
  75  9:47  SCV  
  77  9:56  SCV  
  77  9:59  SCV x2, Supply Depot  
  80  10:03  Supply Depot  
  80  10:08  SCV  
  80  10:11  SCV x2  
  83  10:20  SCV  
  72  10:49  Battlecruiser  
  72  11:01  Marine  
  79  11:19  Marine  
  79  11:23  Armory  
  80  11:26  Armory  
  80  11:29  Starport  
  80  11:37  Marine  
Show
View Real Time Build Order
Export as new Build Order

pHARM Zerg - Winner!

Build Orders: Hatch First 

Get SALT Encoding   

  12  0:02  Drone  
  13  0:13  Overlord  
  13  0:22  Drone  
  14  0:31  Drone x2  
  16  0:51  Hatchery  
  16  0:54  Drone  
  16  0:58  Drone  
  16  1:01  Drone  
  18  1:15  Spawning Pool  
  18  1:18  Drone  
  18  1:30  Drone  
  19  1:33  Drone  
  19  1:39  Extractor  
  19  1:42  Drone  
  20  1:51  Drone  
  21  2:09  Queen x2  
  21  2:11  Drone  
  21  2:12  Drone  
  27  2:19  Drone  
  28  2:25  Spine Crawler  
  28  2:28  Overlord  
  27  2:32  Drone  
  28  2:53  Drone x5  
  28  2:58  Pneumatized Carapace  
  33  2:59  Queen  
  33  3:02  Drone  
  36  3:11  Overlord x2, Metabolic Boost  
  36  3:32  Zergling x2  
  36  3:33  Zergling x14  
  44  3:55  Drone x5  
  48  3:59  Lair  
  49  4:22  Spore Crawler  
  48  4:24  Spore Crawler  
  48  4:25  Spore Crawler  
  46  4:31  Spore Crawler  
  46  4:32  Spore Crawler  
  46  4:34  Spore Crawler  
  46  4:36  Drone  
  46  4:37  Overlord  
  46  4:38  Overlord x2  
  44  4:51  Extractor  
  44  4:52  Queen, Extractor  
  44  5:07  Hydralisk Den  
  44  5:08  Drone x4  
  44  5:13  Drone  
  44  5:14  Drone x10  
  58  5:26  Drone  
  59  5:33  Hatchery  
  58  5:36  Hydralisk  
  58  5:37  Hydralisk x3  
  62  6:25  Drone x8  
  68  6:39  Queen  
  67  6:44  Queen  
  69  6:52  Spore Crawler  
  68  6:55  Spore Crawler x2  
  68  6:57  Hydralisk x3  
  68  6:58  Overlord  
  68  6:59  Overlord x4  
  72  7:15  Overlord x2  
  72  7:17  Muscular Augments  
  72  7:20  Extractor  
  71  7:24  Infestation Pit  
  70  7:36  Spire  
  69  7:43  Drone x6  
  69  7:44  Drone x5  
  78  8:06  Hydralisk x7  
  80  8:29  Grooved Spines  
  80  8:42  Extractor  
  80  8:47  Extractor  
  78  8:49  Hydralisk x11  
  78  8:50  Hydralisk  
  102  8:56  Hatchery  
  101  9:03  Corruptor  
  101  9:06  Overlord x2  
  103  9:13  Drone x2  
  103  9:14  Drone x2  
  107  9:30  Evolution Chamber x2, Drone x2  
  107  9:34  Drone x6  
  107  9:35  Drone x2  
  115  9:43  Zerg Flyer Armor Level 1  
  115  9:45  Hive  
  115  10:02  Zerg Missile Weapons Level 1  
  115  10:06  Corruptor x4  
  123  10:09  Overlord x8  
  123  10:10  Overlord  
  118  10:32  Corruptor x4  
  121  11:09  Hydralisk  
  121  11:10  Hydralisk x9  
  141  11:12  Zergling x10  
Tags
 
Matchup
TvZ
Replay Pack
10.7.19
Spawn Locations
Cross Positions
Add a new tag
Caveats
  • Supply blocks, unpowered buildings, or Contaminate may cause inaccurate times.
  • Supply counts are checked every 10 seconds.